 Dungeon Crawl Stone Soup version 0.29.0 (webtiles) character file.

Game seed: 4605835375549069607

3195 mattm the Fighter (level 9, -2/85 HPs)
             Began as a Hill Orc Fighter on Sept 11, 2022.
             Was an Initiate of Gozag.
             Slain by a hornet (12 damage)
             ... on level 8 of the Dungeon.
             The game lasted 00:20:09 (9444 turns).

mattm the Fighter (Hill Orc Fighter)                Turns: 9444, Time: 00:20:09

Health: -2/85      AC: 11    Str: 23    XL:     9   Next: 96%
Magic:  9/9        EV: 10    Int:  8    God:    Gozag
Gold:   186        SH:  5    Dex: 10    Spells: 8/8 levels left

rFire   . . .      SeeInvis .   a - +0 war axe
rCold   . . .      Faith    .   c - +0 buckler
rNeg    + . .      Spirit   .   b - +0 scale mail
rPois   .          Reflect  .   (no helmet)
rElec   .          Harm     .   (no cloak)
rCorr   .          Rampage  .   (no gloves)
Will    .....                   G - +1 pair of boots
Stlth   ..........              (no amulet)
HPRegen 0.24/turn               m - ring of positive energy
MPRegen 0.11/turn               (no ring)

@: mighty, brilliant, slowed, very slow
A: no striking features
a: Renounce Religion, Potion Petition, Call Merchant, Bribe Branch


You were on level 8 of the Dungeon.
You worshipped Gozag.
Gozag was aware of your devotion.
You visited 1 branch of the dungeon, and saw 8 of its levels.

You collected 1169 gold pieces.
You spent 335 gold pieces at shops.
You paid 648 gold pieces to Gozag.

Inventory:

Hand Weapons
 a - a +0 war axe (weapon)
 A - a +2 falchion of electrocution
Armour
 b - a +0 scale mail (worn)
 c - a +0 buckler (worn)
 G - a +1 pair of boots (worn)
Jewellery
 f - an amulet of faith
 m - a ring of positive energy (left hand)
 x - an amulet of magic regeneration
 E - a ring of ice
 F - a ring of ice
Wands
 g - a wand of acid (8)
 v - a wand of charming (3)
 w - a wand of flame (38)
Scrolls
 d - 2 scrolls of identify
 e - a scroll of noise {unknown}
 h - 2 scrolls of fear {unknown}
 i - 7 scrolls of teleportation {unknown}
 j - 2 scrolls of immolation {unknown}
 n - 2 scrolls of blinking {unknown}
 r - a scroll of poison {unknown}
 s - a scroll of summoning {unknown}
 t - 2 scrolls of enchant weapon {unknown}
 y - 3 scrolls of amnesia {unknown}
 z - a scroll of enchant armour {unknown}
 B - a scroll of magic mapping {unknown}
Potions
 k - 3 potions of lignification
 l - 4 potions of mutation
 o - a potion of degeneration
 q - 2 potions of magic
 u - 6 potions of curing
 D - a potion of brilliance {unknown}


   Skills:
 - Level 10.0 Fighting
 - Level 6.0 Axes
 - Level 10.0 Armour
 + Level 3.0 Dodging
 - Level 6.0 Shields


You had 8 spell levels left.
You didn't know any spells.
Your spell library contained the following spells:

 Spells                   Type           Power      Damage    Failure   Level
 Shock                    Conj/Air       0%         1d3       75%         1
 Slow                     Hex            0%         N/A       75%         1
 Confusing Touch          Hex            0%         N/A       98%         3
 Conjure Flame            Conj/Fire      0%         6-21      98%         3
 Ignite Poison            Fire/Tmut/Pois 0%         N/A       98%         3
 Portal Projectile        Hex/Tloc       0%         N/A       98%         3
 Swiftness                Air            0%         N/A       98%         3
 Tukima's Dance           Hex            0%         N/A       98%         3
 Vampiric Draining        Necr           0%         2d6       98%         3
 Airstrike                Air            0%         2d(0-16)  100%        4
 Fulminant Prism          Conj/Hex       0%         3d6       100%        4
 Iskenderun's Mystic Bla  Conj/Tloc      0%         2d3       100%        4
 Sticky Flame             Conj/Fire      0%         2d3       100%        4
 Blade Hands              Tmut           0%         N/A       100%        5
 Iskenderun's Battlesphe  Conj           0%         2d6       100%        5
 Lee's Rapid Deconstruct  Erth           0%         3d5*      100%        5
 Iron Shot                Conj/Erth      0%         9d1       100%        6
 Spellforged Servitor     Conj/Summ      0%         N/A       100%        7


Dungeon Overview and Level Annotations

Branches:
Dungeon (8/15)             Temple (0/1) D:7
   Lair: D:8-11

Altars:
Ashenzari
Dithmenos
Fedhas
Gozag
Makhleb
Qazlal
Sif Muna
Vehumet
Xom
Yredelemnul
Zin

Annotations:
D:4 Sigmund
D:8 Maurice, Prince Ribbit


Message History

You barely miss the hornet. The hornet barely misses you.
You are constricted.
The hornet barely misses you.
You are constricted.
* * * LOW HITPOINT WARNING * * *
The hornet stings you.
* * * LOW HITPOINT WARNING * * *
You feel as though you will be slow longer.
The grasping roots release their grip on you.
Your Dodging skill increases to level 3!
You slice something!! You slash the hornet! The hornet closely misses you.
Something picks up some gold.
The hornet stings you but does no damage.
Prince Ribbit hits you but does no damage.
You block something's attack.
You barely miss Prince Ribbit.
Prince Ribbit is moderately wounded.
You hit the hornet. You slash something! The hornet closely misses you.
Prince Ribbit hits you.
* * * LOW HITPOINT WARNING * * *
The hornet stings you.
* * * LOW HITPOINT WARNING * * *
You feel as though you will be slow longer.
Something hits you.
* * * LOW HITPOINT WARNING * * *
Something steals your 2 scrolls labelled BISEUZ ALUR!
Prince Ribbit misses you.
The hornet stings you but does no damage.
Something hits you but does no damage.
You barely miss the hornet.
The hornet is heavily wounded.
You closely miss something. You barely miss Prince Ribbit.
Prince Ribbit blinks!
The hornet barely misses you. The hornet stings you!
* * * LOW HITPOINT WARNING * * *
You are lethally poisoned!
You feel as though you will be slow longer.
Something hits you but does no damage. The hornet closely misses you.
Something hits you but does no damage.
Okay, then.
You feel better. The hornet stings you!
You die...
Your body crumbles into a pile of gold.

#.##.#.. +#... ..
....... ... .#
.....# #+#.#..#.#
#.y{.....# #@#
#.##.# #.# #.##.#
#.##.######.##.#
#.##.....##.##.# $
#.######.##.##.##
#.......<.......#
#.######.##.##..#
#...#...........#
#.#.#.#.#..##.###.#


You could see a hornet.

Vanquished Creatures
  A two-headed ogre (D:7)
  Maggie (D:7)
  Grinder (D:3)
  A steam dragon (D:6)
  A water moccasin (D:7)
  2 orc warriors
  A sky beast (D:6)
  A black bear (D:4)
  2 centaurs
  An ogre (D:5)
  A phantom (D:4)
  A kobold brigand (D:6)
  2 bullfrogs (D:7)
  A necrophage (D:7)
  A scorpion (D:6)
  3 howler monkeys (D:8)
  4 orc priests
  2 jellies (D:5)
  2 hounds (D:6)
  Jessica (D:3)
  6 orc wizards
  3 iguanas
  11 adders
  3 shadow imps
  5 ufetubi
  2 worms
  3 dart slugs
  41 orcs
  An endoplasm (D:3)
  2 giant cockroaches
  4 goblins
  11 hobgoblins
  13 jackals
  5 quokkas
  9 ball pythons
  5 bats
  5 frilled lizards
  14 kobolds
  3 rats (D:1)
  A spectral orc (D:5)
177 creatures vanquished.

Vanquished Creatures (others)
  3 demonic plants (D:8)
  A withered plant (D:1)
4 creatures vanquished.

Grand Total: 181 creatures vanquished

Notes
Turn   | Place    | Note
-------+----------+-------------------------------------------
     0 | D:1      | mattm the Hill Orc Fighter began the quest for the Orb.
     0 | D:1      | Reached XP level 1. HP: 19/19 MP: 1/1
    93 | D:1      | Reached XP level 2. HP: 26/27 MP: 2/2
   478 | D:1      | Reached XP level 3. HP: 27/35 MP: 3/3
   480 | D:1      | Reached skill level 5 in Fighting
   738 | D:1      | Found Tasabagh's Assorted Antiques.
   752 | D:1      | Bought a purple potion for 18 gold pieces
   752 | D:1      | Bought a smoky coppery potion for 18 gold pieces
   783 | D:1      | Found a faded altar of an unknown god.
  1352 | D:2      | Reached XP level 4. HP: 39/44 MP: 4/4
  1755 | D:3      | Found an opulent altar of Gozag.
  1797 | D:3      | Became a worshipper of Gozag Ym Sagoz the Greedy
  1880 | D:3      | Noticed Grinder
  1883 | D:3      | Paralysed by Grinder for 2 turns
  1886 | D:3      | Paralysed by Grinder for 5 turns
  1894 | D:3      | Killed Grinder
  1895 | D:3      | Reached XP level 5. HP: 13/50 MP: 5/5
  1895 | D:3      | Reached XP level 6. HP: 15/57 MP: 6/6
  2287 | D:3      | Found a stormy altar of Qazlal.
  2298 | D:3      | Noticed Jessica
  2304 | D:3      | Killed Jessica
  2481 | D:1      | Bought a scroll labelled BYJOWNOT WEEVU for 21 gold pieces
  2481 | D:1      | Bought a scroll labelled BYJOWNOT WEEVU for 21 gold pieces
  2481 | D:1      | Bought 2 metallic brown potions for 37 gold pieces
  2481 | D:1      | Bought a scroll labelled GAKULIYMON for 21 gold pieces
  2481 | D:1      | Bought a scroll labelled AVVEMO FAGOE for 21 gold pieces
  2481 | D:1      | Bought a scroll labelled FAFFOE ORCHEI for 21 gold pieces
  2560 | D:4      | Noticed a black bear
  2634 | D:4      | Noticed Sigmund
  2674 | D:3      | Reached skill level 5 in Armour
  2916 | D:4      | Found a glowing silver altar of Zin.
  2959 | D:5      | Entered Level 5 of the Dungeon
  3228 | D:5      | Reached XP level 7. HP: 48/63 MP: 7/7
  3338 | D:5      | Found a radiant altar of Vehumet.
  3868 | D:5      | Found a broken altar of Ashenzari.
  4091 | D:5      | Reached skill level 5 in Shields
  4650 | D:5      | Found a basalt altar of Yredelemnul.
  5094 | D:6      | Reached XP level 8. HP: 55/70 MP: 8/8
  5171 | D:6      | Found a burning altar of Makhleb.
  6176 | D:6      | Found a shadowy altar of Dithmenos.
  6177 | D:6      | Found a shimmering altar of Xom.
  6178 | D:6      | Found a shimmering blue altar of Sif Muna.
  6179 | D:6      | Found a blossoming altar of Fedhas.
  7588 | D:6      | Reached skill level 10 in Fighting
  7766 | D:1      | Bought a pair of glowing boots for 157 gold pieces
  7871 | D:7      | Noticed a two-headed ogre
  7879 | D:7      | Killed a two-headed ogre
  7880 | D:7      | Reached XP level 9. HP: 48/85 MP: 9/9
  8720 | D:7      | Noticed Maggie
  8728 | D:7      | Killed Maggie
  8729 | D:7      | Reached skill level 10 in Armour
  8729 | D:7      | Reached skill level 1 in Dodging
  9151 | D:7      | Found a staircase to the Ecumenical Temple.
  9424 | D:8      | Noticed Maurice
  9430 | D:8      | Noticed Prince Ribbit
  9436 | D:8      | Noticed a hornet
  9444 | D:8      | Slain by a hornet

Illustrated notes

Levels and vault maps discovered:
D:1:      tarquinn_simple_flora_water_d, layout_basic,
          ebering_ecumenical_altar_petrified, serial_shops, shop,
          minmay_tetromino_l4
D:2:      layout_rooms, minmay_circle_x
D:3:      layout_basic, grunt_gozag_breadcrumbs, nicolae_overflow_crystal_walls,
          grunt_ministairs_14, uniq_grinder, uniq_jessica
D:4:      layout_basic, mainiacjoe_overflow_small_starburst, uniq_sigmund
D:5:      layout_layer_cave, overflow_temple_1_default,
          yredelemnul_forgotten_temple_becter, ashenzari_conservatory_becter
D:6:      layout_cave_pods, makhleb_heckhound_becter,
          mainiacjoe_overflow_alcove_3
D:7:      layout_rooms, minmay_temple_entry_junction_2, uniq_maggie
D:8:      layout_basic, gammafunk_ghost_wrathful_warriors, serial_demonic,
          serial_demonic_g, serial_demonic_f, serial_demonic_g,
          serial_demonic_g, grunt_ogre_cave, uniq_maurice, uniq_psyche,
          uniq_prince_ribbit1

Skill      XL: |  1  2  3  4  5  6  7  8  9 |
---------------+----------------------------+-----
Fighting       | 4 5 6 10 | 10.0
Axes           | 6 |  6.0
Armour         | 4 6 8 10 | 10.0
Shields        | 6 |  6.0
Dodging        | 3 |  3.0

Action                   |  1- 3 |  4- 6 |  7- 9 || total
-------------------------+-------+-------+-------++-------
Melee: War axe           |   112 |   117 |   379 ||   608
Invok: Potion Petition   |       |       |     2 ||     2
  Use: Potion            |       |     1 |     4 ||     5
       Scroll            |       |     5 |     2 ||     7
Armor: Scale mail        |    66 |    69 |   203 ||   338
Dodge: Dodged            |    69 |    41 |   203 ||   313
Block: Buckler           |    37 |    30 |    97 ||   164
